AoeStats
← a4rkangel

Arabia

509517966Analyzed
1v1 RM · 5d ago on Sep 27, 2026· 29m 18s· 2 players
Game mode
Random Map
Map size
Tiny (2 player)
Population
200
Speed
Normal
Resources
Standard
Victory
Conquest
Starting age
Dark Age
Ending age
Imperial Age
RankedLock teamsTeams togetherTeam positionsShared explorationLock speedFull tech treeHidden civsTurbo modeCheats
Victory
Defeat
🇨🇱 Japanese · Chile
712
+17
🇦🇷 Mongols · Argentina
728
-17
a4rkangel
9:02 Loom
10:47 Feudal Age
11:47 Man-at-Arms
17:51 Forging
25:09 Castle Age
23:07 Gold Mining
24:21 Double-Bit Axe
24:28 Stone Mining
25:56 Long Swordsman
26:46 Gambesons
28:12 Gold Shaft Mining
28:42 Scale Mail Armor
elpehuchono
7:06 Loom
10:01 Feudal Age
18:52 Forging
23:20 Castle Age
23:56 Fletching
24:07 Padded Archer Armor
27:55 Wheelbarrow
Connection lost

Rejoining the realm…

Still unreachable

The connection could not be restored.

Session expired

The server has moved on; the page needs a fresh start.